Map: Catallena LE (Void)

Players

Cuervo - Winner!

  • Race: Zerg Zerg
  • Spawn Location: 9:00

BigRod

  • Race: Protoss Protoss
  • League: Bronze
  • Spawn Location: 5:00

VOD

Have the link to the VOD?

Description

Time

  • Played on: Sept. 19, 2017, 11:29 p.m.
  • Length: 13:10
Show
View Real Time Build Order
Export as new Build Order

Cuervo Zerg - Winner!

Build Orders: Hatch First 

Get SALT Encoding   

  12  0:01  Drone  
  13  0:13  Overlord  
  13  0:18  Drone  
  14  0:31  Drone  
  14  0:32  Drone  
  16  0:39  Drone  
  17  0:54  Hatchery  
  17  0:56  Drone  
  17  1:00  Drone  
  17  1:03  Extractor  
  17  1:07  Drone  
  18  1:20  Spawning Pool  
  18  1:23  Drone  
  18  1:30  Drone  
  19  1:39  Drone  
  20  1:50  Overlord  
  20  2:01  Drone  
  20  2:07  Queen  
  20  2:08  Extractor  
  22  2:12  Queen  
  22  2:13  Metabolic Boost  
  22  2:14  Drone  
  25  2:19  Zergling x2  
  25  2:21  Drone  
  27  2:26  Drone  
  27  2:28  Drone  
  29  2:35  Drone  
  30  2:44  Overlord  
  30  2:48  Lair  
  30  2:53  Drone  
  31  3:03  Evolution Chamber  
  31  3:04  Drone x3  
  33  3:10  Evolution Chamber  
  32  3:15  Overlord  
  32  3:20  Drone  
  32  3:21  Drone  
  34  3:30  Drone x2  
  34  3:33  Zerg Melee Weapons Level 1  
  36  3:39  Zerg Ground Armor Level 1  
  36  3:42  Drone  
  36  3:48  Overlord  
  37  3:50  Zergling x4  
  39  3:57  Drone x3  
  39  4:02  Extractor  
  41  4:11  Infestation Pit  
  40  4:17  Overlord x3  
  40  4:25  Drone  
  40  4:26  Drone x3  
  44  4:38  Drone  
  44  4:39  Drone  
  46  4:46  Hatchery  
  47  5:03  Spore Crawler  
  46  5:10  Spore Crawler  
  46  5:14  Hive  
  43  5:15  Queen  
  43  5:16  Zergling x2  
  43  5:17  Zergling x18  
  43  5:20  Drone  
  43  5:21  Drone  
  57  5:31  Zerg Melee Weapons Level 2  
  57  5:39  Zerg Ground Armor Level 2  
  57  5:49  Drone x5  
  62  5:50  Extractor  
  62  5:51  Queen  
  63  6:12  Zergling x14  
  63  6:14  Drone x2  
  72  6:19  Overlord  
  72  6:25  Adrenal Glands  
  72  6:32  Zergling x2  
  73  6:33  Zergling x2  
  73  6:34  Overlord x2  
  73  6:35  Overlord x2  
  74  6:40  Zergling x6  
  77  6:56  Zergling x10  
  77  6:57  Zergling x12  
  77  6:58  Zergling x2  
  89  7:02  Zergling x4  
  90  7:21  Overlord x3  
  90  7:27  Drone x5  
  90  7:28  Drone x6  
  101  7:41  Drone  
  101  7:42  Drone x3  
  105  7:55  Zerg Melee Weapons Level 3  
  105  7:59  Zerg Ground Armor Level 3  
  105  8:01  Zergling x2  
  105  8:02  Zergling x4  
  105  8:04  Hatchery  
  75  8:47  Spire  
  74  8:56  Drone x6  
  74  8:57  Drone x7  
  74  9:01  Extractor  
  86  9:03  Extractor  
  85  9:13  Ultralisk Cavern  
  84  9:17  Queen  
  84  9:19  Drone x4  
  84  9:23  Extractor  
  89  9:24  Extractor  
  88  9:43  Drone  
  88  9:44  Drone x3  
  92  9:57  Overlord  
  92  9:58  Overlord x13  
  92  10:01  Mutalisk x2  
  96  10:13  Mutalisk  
  96  10:14  Mutalisk x11  
  120  10:27  Mutalisk  
  120  10:28  Mutalisk x5  
  132  10:36  Chitinous Plating  
  131  10:54  Ultralisk  
  137  11:08  Ultralisk x2  
  149  11:16  Zergling x2  
  149  11:17  Zergling x12  
  156  11:20  Ultralisk  
  156  11:21  Zergling x10  
  156  11:22  Zergling x18  
  182  11:32  Ultralisk  
  182  11:33  Ultralisk  
  188  11:56  Zergling x2  
  188  11:57  Zergling x20  
  194  12:29  Zergling x2  
  192  12:30  Zergling x16  
  191  12:42  Zergling x18  
  191  12:43  Zergling x6  
Show
View Real Time Build Order
Export as new Build Order

BigRod Protoss 

Build Orders:  

Get SALT Encoding   

  12  0:02  Probe (Chrono Boost)  
  13  0:13  Probe (Chrono Boost)  
  14  0:23  Probe (Chrono Boost)  
  15  0:31  Pylon  
  15  0:32  Assimilator  
  15  0:54  Gateway  
  15  0:55  Probe (Chrono Boost)  
  16  1:06  Probe (Chrono Boost)  
  17  1:17  Probe (Chrono Boost)  
  18  1:21  Forge  
  18  1:25  Pylon  
  18  1:41  Gateway  
  18  1:42  Probe (Chrono Boost)  
  19  1:52  Probe (Chrono Boost)  
  20  2:03  Probe (Chrono Boost)  
  20  2:06  Cybernetics Core  
  21  2:09  Assimilator  
  21  2:14  Probe (Chrono Boost)  
  22  2:24  Probe (Chrono Boost)  
  22  2:25  Pylon  
  23  2:39  Photon Cannon  
  23  2:44  Photon Cannon  
  23  2:46  Stalker (Chrono Boost)  
  25  3:03  Mothership Core (Chrono Boost)  
  27  3:16  Stalker (Chrono Boost)  
  29  3:22  Protoss Ground Weapons Level 1  
  31  3:42  Stalker (Chrono Boost)  
  31  3:48  Probe  
  32  4:09  Photon Cannon  
  34  4:12  Stalker (Chrono Boost)  
  34  4:18  Twilight Council  
  34  4:27  Pylon  
  36  4:42  Stalker (Chrono Boost)  
  36  5:12  Mothership Core  
  36  5:20  Stargate  
  36  5:21  Nexus  
  36  5:29  Pylon  
  36  5:30  Blink  
  36  5:41  Photon Cannon, Stalker (Chrono Boost)  
  38  6:00  Photon Cannon  
  38  6:04  Phoenix (Chrono Boost)  
  39  6:38  Stalker  
  41  7:03  Protoss Ground Weapons Level 2  
  41  7:08  Stalker  
  41  7:10  Photon Cannon  
  42  7:31  Charge  
  42  7:34  Nexus  
  42  7:38  Stalker  
  44  7:49  Dark Shrine  
  44  8:00  Pylon  
  44  8:06  Probe  
  44  8:08  Stalker  
  46  8:17  Photon Cannon  
  46  8:18  Probe  
  46  8:19  Zealot  
  43  8:30  Probe  
  44  8:38  Stalker  
  46  8:42  Probe  
  46  8:45  Pylon  
  46  8:46  Zealot  
  49  8:53  Photon Cannon  
  49  8:55  Probe  
  50  9:05  Probe  
  51  9:11  Resonating Glaives  
  51  9:12  Photon Cannon  
  51  9:16  Probe  
  51  9:19  Protoss Ground Armor Level 1  
  51  9:23  Dark Templar  
  54  9:32  Protoss Air Weapons Level 1  
  54  9:37  Probe  
  55  9:47  Probe  
  56  9:58  Probe  
  57  10:08  Probe, Assimilator  
  57  10:12  Assimilator  
  58  10:17  Pylon  
  58  10:19  Probe  
  59  10:25  Dark Templar  
  61  10:29  Probe  
  61  10:32  Pylon  
  62  10:40  Probe  
  62  10:42  Photon Cannon  
  63  10:45  Void Ray (Chrono Boost)  
  67  10:55  Photon Cannon  
  67  11:04  Dark Templar, Gateway  
  69  11:27  Pylon  
  69  11:43  Void Ray (Chrono Boost)  
  69  11:45  Photon Cannon  
  36  12:20  Void Ray (Chrono Boost)  
  29  12:34  Photon Cannon  
Tags
 
Add a new tag
Caveats
  • Supply blocks, unpowered buildings, or Contaminate may cause inaccurate times.
  • Supply counts are checked every 10 seconds.